 Dungeon Crawl Stone Soup version 0.32-a0-705-g60f233581c (webtiles) character file.

Game seed: 8911906530265922969

10949 ragingrage the Slicer (level 12, -1/74 HPs)
             Began as a Djinni Artificer on Mar 15, 2024.
             Was a Follower of Uskayaw.
             Slain by a cyclops (21 damage)
             ... on level 11 of the Dungeon.
             The game lasted 00:24:41 (13440 turns).

ragingrage the Slicer (Djinni Artificer)           Turns: 13440, Time: 00:24:41

Health: -1/74      AC:  4    Str: 11    XL:     12   Next: 1%
Gold:   829        EV: 12    Int: 22    God:    Uskayaw [*.....] SH:  0 Dex: 22

rFire   + + .        a - +1 dagger (drain)
rCold   x . .        (no shield)
rNeg    . . .        O - melded +2 steam dragon scales
rPois   ∞            M - +2 helmet
rElec   .            r - +0 cloak
rCorr   .            (no gloves)
SInv    .            (boots unavailable)
Will    +....        D - amulet of regeneration
Stlth   ++++         B - +6 ring of intelligence
HPRegen 1.12/turn    n - +6 ring of dexterity
MPRegen 0.00/turn

%: infuse magic (-2 HP)
@: maw-form, flying, studying Stealth
A: devouring maw, flying, sickness immunity, fire resistance 2, cold
vulnerability 1, float, innate caster, HP casting, extra vitality 1
a: Begin Untransformation, Renounce Religion, Stomp


You were on level 11 of the Dungeon.
You worshipped Uskayaw.
Uskayaw was noncommittal.
You were a creature with a mouth for a stomach.
You visited 2 branches of the dungeon, and saw 12 of its levels.
You also visited: Sewer.

You collected 829 gold pieces.

Inventory:

Hand Weapons
 a - a +1 dagger of draining (weapon)
 b - a +1 dagger of electrocution
 i - a +5 falchion
 L - a +2 dagger of flaming
 N - a +2 scimitar of draining
Missiles
 q - 51 poisoned darts (quivered)
 s - 2 curare-tipped darts
 F - 9 throwing nets
Armour
 o - an orb of mayhem
 r - a +0 cloak (worn)
 M - a +2 helmet (worn)
 O - +2 steam dragon scales (melded)
 T - the +1 robe of the Unseen Realm {MP+9}
   (You found it on level 11 of the Dungeon)

   MP+9:      It affects your magic capacity (+9).
Jewellery
 n - a +6 ring of dexterity (right hand)
 B - a +6 ring of intelligence (left hand)
 D - an amulet of regeneration (around neck)
Talismans
 G - a maw talisman (active)
Wands
 c - a wand of flame (26)
 d - a wand of charming (10)
 e - a wand of iceblast (19)
 k - a wand of quicksilver (6)
 H - a wand of mindburst (14)
Scrolls
 f - a scroll of fear
 g - 2 scrolls of revelation
 h - 3 scrolls of teleportation
 j - 2 scrolls of poison
 l - a scroll of fog
 m - 2 scrolls of vulnerability
 A - a scroll of noise
 C - a scroll of silence
 J - a scroll of torment
 K - a scroll of immolation
 P - a scroll of enchant armour
Potions
 p - a potion of cancellation
 t - 2 potions of resistance
 u - a potion of invisibility
 v - a potion of ambrosia
 w - 3 potions of heal wounds
 x - a potion of experience {unknown}
 y - 2 potions of haste
 z - 2 potions of brilliance {unknown}
 E - 2 potions of attraction
 I - 4 potions of curing
 Q - a potion of lignification {unknown}
 R - a potion of mutation {unknown}
 S - a potion of berserk rage {unknown}


   Skills:
 + Level 2.1 Fighting
 + Level 10.0 Short Blades
 - Level 1.0 Armour
 + Level 2.3 Dodging
 - Level 6.0 Stealth
 + Level 5.0 Spellcasting
 + Level 5.0 Conjurations
 + Level 5.0 Hexes
   Level 0.0 Charms
 + Level 5.0 Summonings
 + Level 5.0 Necromancy
 + Level 5.0 Translocations
   Level 0.0 Transmutations
 + Level 5.0 Fire Magic
 + Level 5.0 Ice Magic
 + Level 5.0 Air Magic
 + Level 5.0 Earth Magic
 + Level 5.0 Alchemy
 + Level 0.4 Invocations
 - Level 3.0 Evocations
 - Level 10.0 Shapeshifting


You knew the following spells:

 Your Spells              Type           Power      Damage    Failure   Level
a - Fugue of the Fallen   Necr           27%        N/A       3%          3
b - Call Imp              Summ           54%        N/A       1%          2
c - Slow                  Hex            100%       N/A       1%          1
d - Martyr's Knell        Necr/Summ      27%        N/A       13%         4
e - Animate Dead          Necr           27%        N/A       13%         4
Your spell library was empty.

Dungeon Overview and Level Annotations

Branches:
Dungeon (11/15)            Temple (1/1) D:5            Lair (0/5) D:11
    Orc (0/2) D:10          Sewer (visited)

Altars:
Ashenzari
Cheibriados
Dithmenos
Elyvilon
Fedhas
Gozag
Hepliaklqana
Makhleb
Nemelex Xobeh
Okawaru
Qazlal
Ru
Trog
Uskayaw
Wu Jian
Xom
Yredelemnul
Zin
The Shining One

Annotations:
D:3 Grinder
D:6 1 runed translucent door, BeKind's ghost, amateur OpIE
D:10 3 runed translucent doors, exclusion: obsidian statue, ceribaal's ghost, journeyman OpBe
D:11 exclusion: oklob plant


Innate Abilities, Weirdness & Mutations

You are a creature with a mouth for a stomach.
Your midsection houses a second, enormous mouth.
You are flying.
You are immune to sickness and miasma.
You are immune to poison.
Your flesh is very heat resistant. (rF++)
You are vulnerable to cold. (rC-)
You float through the air rather than walking.
You learn spells naturally, not from books.
Your magical power is your life essence.
You have superior vitality. (+4 MHP)


Message History

There is an open door here.
You reach down and open the door.
There is an open door here.
There is a stone staircase leading down here.
There is an open door here.
You reach down and open the door.
There is an open door here.
As you open the door, it creaks loudly!
There is an open door here.
There is an open door here.
There is an open door here.
You reach down and open the door.
There is an open door here.
A cyclops comes into view.
Found a stone staircase leading down.
A cyclops is nearby!
A cyclops is nearby!
You see here the +1 robe of the Unseen Realm {MP+9}.
T - the +1 robe of the Unseen Realm {MP+9} The cyclops shouts!
Your +1 dagger of electrocution stops crackling.
You sense an unholy aura.
a - a +1 dagger of draining (weapon)
The cyclops throws a large rock.
The large rock hits you!!
Casting: Call Imp (safe; 1% risk of failure)
A tiny devil pulls itself out of the air.
The cyclops hits you!!
* * * LOW HITPOINT WARNING * * *
Your cerulean imp hits the cyclops from afar with a -2 spear.
Throw: 3 darts (curare)
Press: ? - help, Shift-Dir - straight line, f - cyclops
Aim: a cyclops, quivering large rocks (lightly wounded, ally target, 86% to hit)
You throw a curare-tipped dart.
The curare-tipped dart hits the cyclops.
The cyclops is poisoned.
The cyclops struggles to breathe.
The cyclops seems to slow down.
Your cerulean imp hits the cyclops but does no damage.
You hit the cyclops but do no damage. The cyclops hits you!!
You die...
Your body falls in perfect tune with the rhythm.

.. .. ### ##
!..########
>..............#
...............#
...............# #
#......##.....# #
.##......##.....# #
.............WC.# #
............5...# #
.....)..........# ##
##+###'######### .#
#####...........#
#...≈...#..........#
..#...#.........#..#
.##P.P##........#..#
..PPPPP..#......#..#


You could see a cyclops (very poisoned, slow, ally target) and a friendly
cerulean imp (summoned).

Vanquished Creatures
  A boulder beetle (D:10)
  Maurice (D:8)
  An unseen horror (D:11)
  A kobold demonologist (D:9)
  A gargoyle (D:8)
  Maggie (D:6)
  A troll (D:11)
  A shadow (D:11)
  A wraith (D:11)
  Grum (D:5)
  10 yaks
  A steam dragon (D:7)
  A vampire mosquito (D:11)
  Edmund (D:6)
  A water moccasin (D:6)
  2 black bears
  3 orc warriors (D:10)
  2 sky beasts (D:8)
  A wolf (D:5)
  2 centaurs
  6 kobold brigands
  3 scorpions
  7 bullfrogs
  3 gnoll sergeants
  7 wights
  21 killer bees
  4 howler monkeys
  A bombardier beetle (D:4)
  2 orc priests
  3 gnoll boudas (D:5)
  9 hounds
  A jelly (D:3)
  A sleepcap (D:6)
  Ijyb (D:4)
  4 iguanas
  4 orc wizards
  24 gnolls
  6 adders
  2 river rats (D:3)
  6 ribbon worms
  3 dart slugs
  23 orcs
  5 bats
  12 endoplasms
  4 giant cockroaches
  9 goblins
  8 hobgoblins
  A jackal (D:5)
  32 kobolds
  7 quokkas
  8 ball pythons
  4 frilled lizards
  7 rats
272 creatures vanquished.

Vanquished Creatures (collateral kills)
  An oklob plant (D:11)
  A wraith (D:10)
  3 yaks
  A vampire mosquito (D:11)
  An orc warrior (D:10)
  A wight (D:6)
  5 killer bees
  A bombardier beetle (D:6)
  An orc priest (D:8)
  An iguana (D:4)
  6 gnolls
  A river rat (D:3)
  A dart slug (D:5)
  9 orcs
  A ball python (D:4)
  An endoplasm (D:3)
  2 kobolds (Sewer)
  A frilled lizard (Sewer)
  A rat (D:3)
39 creatures vanquished.

Vanquished Creatures (others)
  A vampire mosquito (D:11)
  A wight (D:10)
  2 killer bee zombies
  A gnoll (D:2)
  3 gnoll zombies (D:9)
  4 kobold zombies (D:9)
  4 orc zombies (D:10)
16 creatures vanquished.

Grand Total: 327 creatures vanquished

Notes
Turn   | Place    | Note
-------+----------+-------------------------------------------
     0 | D:1      | ragingrage the Djinni Artificer began the quest for the
                  | Orb.
     0 | D:1      | Reached XP level 1. HP: 17/17 MP: 0/0
    68 | D:1      | Reached skill level 1 in Stealth
    99 | D:1      | Reached XP level 2. HP: 15/22 MP: 0/0
   263 | D:1      | Reached XP level 3. HP: 25/28 MP: 0/0
   263 | D:1      | Learned a level 1 spell: Slow
   853 | D:1      | Reached skill level 1 in Short Blades
  1188 | D:2      | Found a faded altar of an unknown god.
  1205 | D:2      | Reached XP level 4. HP: 27/33 MP: 0/0
  1327 | D:2      | Reached skill level 1 in Spellcasting
  1327 | D:2      | Reached skill level 1 in Conjurations
  1327 | D:2      | Reached skill level 1 in Hexes
  1327 | D:2      | Reached skill level 1 in Summonings
  1327 | D:2      | Reached skill level 1 in Necromancy
  1327 | D:2      | Reached skill level 1 in Translocations
  1327 | D:2      | Reached skill level 1 in Fire Magic
  1327 | D:2      | Reached skill level 1 in Ice Magic
  1327 | D:2      | Reached skill level 1 in Air Magic
  1327 | D:2      | Reached skill level 1 in Earth Magic
  1327 | D:2      | Reached skill level 1 in Alchemy
  2070 | D:2      | Reached XP level 5. HP: 7/38 MP: 0/0
  2070 | D:2      | Learned a level 2 spell: Call Imp
  2449 | D:3      | Found a glowing drain.
  2453 | Sewer    | Entered a sewer
  2715 | Sewer    | Noticed a kobold brigand
  2744 | Sewer    | Killed a kobold brigand
  2745 | Sewer    | Reached XP level 6. HP: 27/43 MP: 0/0
  3229 | D:3      | Reached XP level 7. HP: 26/49 MP: 0/0
  3229 | D:3      | Learned a level 3 spell: Fugue of the Fallen
  3473 | D:3      | Noticed Grinder
  3746 | D:3      | Found a faded altar of an unknown god.
  4649 | D:5      | Entered Level 5 of the Dungeon
  4705 | D:4      | Noticed Ijyb
  5164 | D:4      | Reached skill level 5 in Short Blades
  5254 | D:4      | Found a blossoming altar of Fedhas.
  5255 | D:4      | Found an opulent altar of Gozag.
  5257 | D:4      | Found a basalt altar of Yredelemnul.
  5504 | D:4      | Killed Ijyb
  5599 | D:4      | HP: 1/49 [hound (3)]
  5831 | D:5      | Reached XP level 8. HP: 46/54 MP: 0/0
  5887 | D:5      | Noticed Grum
  6243 | D:5      | HP: 1/54 [scorpion (2)]
  6660 | D:5      | Reached skill level 5 in Stealth
  6722 | D:5      | Reached XP level 9. HP: 40/58 MP: 0/0
  6722 | D:5      | Learned a level 4 spell: Martyr's Knell
  6799 | D:5      | Found a staircase to the Ecumenical Temple.
  6809 | Temple   | Entered the Ecumenical Temple
  6822 | Temple   | Became a worshipper of Uskayaw the Reveller
  6896 | D:5      | Reached * piety under Uskayaw
  7146 | D:5      | Reached ** piety under Uskayaw
  7274 | D:5      | Reached *** piety under Uskayaw
  7515 | D:6      | Noticed Maggie
  7799 | D:6      | Found a runed translucent door.
  7839 | D:6      | Noticed BeKind's ghost (amateur OpIE)
  8062 | D:6      | Reached skill level 1 in Shapeshifting
  8403 | D:6      | Found a sacrificial altar of Ru.
  8403 | D:6      | Noticed Edmund
  8405 | D:6      | Killed Edmund
  8865 | D:7      | Reached XP level 10. HP: 64/64 MP: 0/0
  9050 | D:7      | Reached skill level 5 in Spellcasting
  9050 | D:7      | Reached skill level 5 in Conjurations
  9050 | D:7      | Reached skill level 5 in Hexes
  9050 | D:7      | Reached skill level 5 in Summonings
  9050 | D:7      | Reached skill level 5 in Necromancy
  9050 | D:7      | Reached skill level 5 in Translocations
  9050 | D:7      | Reached skill level 5 in Fire Magic
  9050 | D:7      | Reached skill level 5 in Ice Magic
  9050 | D:7      | Reached skill level 5 in Air Magic
  9050 | D:7      | Reached skill level 5 in Earth Magic
  9050 | D:7      | Reached skill level 5 in Alchemy
  9543 | D:8      | Noticed Maurice
 10001 | D:8      | Reached skill level 10 in Short Blades
 10002 | D:8      | Noticed a gargoyle
 10006 | D:8      | Killed a gargoyle
 10006 | D:8      | Reached **** piety under Uskayaw
 10162 | D:8      | Killed Maurice
 10163 | D:8      | Reached skill level 5 in Shapeshifting
 10328 | D:5      | Killed Grum
 10387 | D:6      | Killed Maggie
 10467 | D:9      | Reached XP level 11. HP: 68/68 MP: 0/0
 10467 | D:9      | Learned a level 4 spell: Animate Dead
 10526 | D:9      | Reached ***** piety under Uskayaw
 11073 | D:10     | Entered Level 10 of the Dungeon
 11079 | D:10     | Noticed an arcanist
 11084 | D:10     | Found a runed translucent gate.
 11085 | D:10     | Found a runed translucent gate.
 11086 | D:10     | Found a runed translucent gate.
 11256 | D:10     | Noticed ceribaal's ghost (journeyman OpBe)
 11344 | D:10     | Noticed a boulder beetle
 11436 | D:10     | Killed a boulder beetle
 11655 | D:10     | Noticed an obsidian statue
 11828 | D:10     | Found a staircase to the Orcish Mines.
 12513 | D:11     | Noticed an oklob plant
 12945 | D:11     | Found a staircase to the Lair.
 12965 | D:11     | Noticed an oklob plant
 13005 | D:11     | Reached skill level 10 in Shapeshifting
 13018 | D:11     | Killed an oklob plant
 13019 | D:11     | Reached XP level 12. HP: 45/74 MP: 0/0
 13433 | D:11     | Identified the +1 robe of the Unseen Realm {MP+9}
 13440 | D:11     | Slain by a cyclops

Illustrated notes

Levels and vault maps discovered:
D:1:      dpeg_arrival_three_same_balls, layout_basic, minmay_misc_feat_tower,
          nrook_loot_triangle
D:2:      layout_loops_corners, dreamdust_ecumenical_altar_grove
D:3:      layout_loops_ring, nicolae_overflow_ecumenical_swirl,
          lightli_sewer_entry_pipes, uniq_grinder
D:4:      layout_loops_ring, grunt_temple_overflow_open, grunt_decor_arrowhead,
          uniq_ijyb
D:5:      layout_cave_pools, minmay_temple_entry_poolview, serial_gnoll_camp,
          gnoll_camp_medium_01, gnoll_camp_mini_hut, gnoll_camp_mini_loothouse,
          gnoll_camp_mini_hut, grums_kennel, gnoll_camp_medium_02
D:6:      layout_cave_pools, overflow_temple_1_default, ebering_ghost_sewer_d,
          uniq_maggie, uniq_edmund
D:7:      layout_basic, serial_glass, glass_columns_c, glass_columns_c,
          glass_columns_a
D:8:      layout_rooms, chequers_serial_rivers_small_b, uniq_maurice
D:9:      layout_rooms, lemuel_coloured_pillars_altar, eino_jars
D:10:     layout_loops_cross, orc_david_3, gammafunk_ghost_split,
          hangedman_decor_clover_reticule, kennysheep_another_room,
          chequers_avenue, minivault_16
D:11:     layout_stronghold, dpeg_oklobed_lair
Temple:   regret_index_temple_sphere_string

Skill      XL: |  1  2  3  4  5  6  7  8  9 10 11 |
---------------+----------------------------------+-----
Stealth        | 1 2 3 5 6 |  6.0
Fighting       | 2 |  2.1
Short Blades   | 1 2 3 4 5 6 8 10 | 10.0
Spellcasting   | 1 2 3 4 5 |  5.0
Conjurations   | 1 2 3 4 5 |  5.0
Hexes          | 1 2 3 4 5 |  5.0
Summonings     | 1 2 3 4 5 |  5.0
Necromancy     | 1 2 3 4 5 |  5.0
Translocations | 1 2 3 4 5 |  5.0
Fire Magic     | 1 2 3 4 5 |  5.0
Ice Magic      | 1 2 3 4 5 |  5.0
Air Magic      | 1 2 3 4 5 |  5.0
Earth Magic    | 1 2 3 4 5 |  5.0
Alchemy        | 1 2 3 4 5 |  5.0
Shapeshifting  | 2 6 10 | 10.0
Armour         | |  1.0
Dodging        | |  2.3
Invocations    | |  0.4
Evocations     | |  3.0

Action                     |  1- 3 |  4- 6 |  7- 9 | 10-12 || total
---------------------------+-------+-------+-------+-------++-------
  Melee: Club              |    20 |       |       |       ||    20
         Dagger            |    86 |   218 |   430 |   678 ||  1412
         Falchion          |       |       |       |     2 ||     2
         Maw               |       |       |       |    29 ||    29
  Throw: Dart              |       |       |     2 |    28 ||    30
         Throwing net      |       |       |     3 |       ||     3
   Cast: Slow              |       |     5 |     1 |       ||     6
         Call Imp          |       |    11 |    46 |    24 ||    81
         Martyr's Knell    |       |       |     8 |     3 ||    11
         Fugue of the Fall |       |       |     1 |     7 ||     8
         Animate Dead      |       |       |       |     6 ||     6
  Evoke: Wand              |     4 |     3 |     6 |     5 ||    18
    Use: Potion            |       |       |     6 |       ||     6
         Scroll            |       |       |    13 |     7 ||    20
   Stab: Sleeping          |     3 |     4 |    10 |     5 ||    22
         Distracted        |       |       |     6 |     5 ||    11
         Held in net/web   |       |       |     1 |       ||     1
         Paralysed         |       |       |       |    16 ||    16
 Armour: Leather armour    |    61 |    97 |   282 |   127 ||   567
         Steam dragon scal |       |       |       |   163 ||   163
         Skin              |       |       |       |    87 ||    87
  Dodge: Dodged            |    61 |    83 |   219 |   301 ||   664
   Form: Maw               |       |       |       |     1 ||     1

Table legend: (Time is in decaauts)
 A = Elapsed time spent in this place.
 B = Non-inter-level travel time spent in this place.
 C = Inter-level travel time spent in this place.
 D = Time resting spent in this place.
 E = Time spent auto-exploring this place.
 F = Levels seen in this place.
 G = Mean time per level.
                   A        B        C        D        E       F      G
               +--------+--------+--------+--------+--------+-----+--------+
         Total |  12949 |  12158 |    791 |   2147 |   6512 |  13 |  996.1 |
       Dungeon |  12419 |  11654 |    765 |   2087 |   6223 |  11 | 1129.0 |
        Temple |     26 |      1 |     25 |      0 |      0 |   1 |   26.0 |
         Sewer |    503 |    503 |      0 |     60 |    289 |   1 |  503.0 |
               +--------+--------+--------+--------+--------+-----+--------+

Top non-repeatable levels by time:
     D:5: 1753 daAuts
     D:3: 1600 daAuts
     D:4: 1406 daAuts
     D:6: 1213 daAuts
    D:10: 1174 daAuts
     D:2: 1170 daAuts
     D:1: 1102 daAuts
    D:11: 1024 daAuts
     D:8: 870 daAuts
     D:9: 570 daAuts
     D:7: 532 daAuts
   Sewer: 503 daAuts
  Temple: 26 daAuts
